 Dungeon Crawl Stone Soup version 0.24-a0-458-gfcb5e6da0e (webtiles) character file.

Game seed: 15305503798746294324

6822 Gargoyl the Cleaver (level 10, 0/83 HPs)
             Began as a Centaur Abyssal Knight on June 27, 2019.
             Was a Priest of Lugonu.
             Slain by a troll (9 damage)
             ... on level 9 of the Dungeon.
             The game lasted 00:15:39 (9118 turns).

Gargoyl the Cleaver (Centaur Abyssal Knight)        Turns: 9118, Time: 00:15:41

Health: 0/83       AC: 13    Str: 24    XL:     10   Next: 77%
Magic:  16/16      EV: 10    Int: 11    God:    Lugonu [***...]
Gold:   380        SH:  0    Dex: 10    Spells: 9/9 levels left

rFire    . . .     SeeInvis .   H - +4 war axe (freeze)
rCold    . . .     Gourm    .   (no shield)
rNeg     + . .     Faith    .   e - +0 scale mail "Hogoepn" {Str+4}
rPois    +         Spirit   .   (no helmet)
rElec    .         Reflect  .   b - +1 cloak {+Inv}
rCorr    .         Harm     .   p - +2 pair of gloves {Str+3}
MR       .....                  (no barding)
Stlth    ..........             w - amulet of rage
HPRegen  0.23/turn              l - ring of positive energy
MPRegen  0.15/turn              A - ring of poison resistance

@: very quick
A: large, hooves 3, deformed body, speed 2, tough skin 3
a: Depart the Abyss, Bend Space, Banish, Renounce Religion, Evoke Berserk Rage,
Evoke Invisibility


You were on level 9 of the Dungeon.
You worshipped Lugonu.
Lugonu was most pleased with you.
You were hungry.

You visited 1 branch of the dungeon, and saw 9 of its levels.
You visited the Abyss 1 time.

You collected 545 gold pieces.
You spent 165 gold pieces at shops.

Inventory:

Hand Weapons
 a - a +6 hand axe
 v - a +0 spear of venom
 H - a +4 war axe of freezing (weapon)
Missiles
 z - 4 silver boomerangs (quivered)
Armour
 b - a +1 cloak of invisibility (worn)
 e - the +0 scale mail "Hogoepn" (worn) {Str+4}
   (You found it on level 2 of the Abyss)

   It affects your strength (+4).
 p - a +2 pair of gloves of strength (worn)
 C - a +1 chain mail of magic resistance
Jewellery
 f - an uncursed ring of ice {unknown}
 l - a ring of positive energy (left hand)
 w - an amulet of rage (around neck)
 A - a ring of poison resistance (right hand)
 B - an uncursed ring of resist corrosion {unknown}
 G - a cursed ring of teleportation {unknown}
Wands
 s - a wand of paralysis (6)
 t - a wand of flame (14)
 J - a wand of enslavement (6)
 K - a wand of digging (9)
Scrolls
 h - 5 scrolls of remove curse
 u - 4 scrolls of teleportation
 x - a scroll of magic mapping
 y - 5 scrolls of identify
 D - 2 scrolls of fog
 F - a scroll of enchant weapon
 I - a scroll of fear
Potions
 d - 2 potions of curing {unknown}
 g - a potion of magic
 i - a potion of invisibility
 j - 4 potions of heal wounds
 k - a potion of cancellation
 m - a potion of lignification
 n - 2 potions of ambrosia {unknown}
 o - a potion of might {unknown}
 q - a potion of brilliance {unknown}
 r - 2 potions of agility {unknown}
 E - 3 potions of flight {unknown}
Comestibles
 c - 6 rations


   Skills:
 + Level 6.3 Fighting
 + Level 8.1 Axes
 * Level 6.8 Armour
 * Level 4.8 Dodging
 * Level 8.0 Invocations
 + Level 0.8 Evocations


You had 9 spell levels left.
You didn't know any spells.
Your spell library was empty.

Dungeon Overview and Level Annotations

Branches:
Dungeon (9/15)             Temple (0/1) D:7
   Lair: D:8-11         Orc: D:9-12

Altars:
Dithmenos
Gozag
Makhleb
Nemelex Xobeh
Okawaru
Ru
Trog
Uskayaw
Vehumet
Wu Jian

Shops:
D:4 }[?=


Innate Abilities, Weirdness & Mutations

You have hooves in place of feet.
Armour fits poorly on your strangely shaped body.
You cover ground very quickly.
You have extremely tough skin. (AC +3)


Message History

The troll bites you. The troll claws you but does no damage.
The troll claws you.
You slash the troll! You freeze the troll. Your kick misses the troll.
The troll is almost dead.
The troll bites you but does no damage. The troll claws you but does no damage.
The troll completely misses you.
You closely miss the troll. You kick the troll, but do no damage.
The troll is severely wounded.
The troll bites you. The troll barely misses you. The troll misses you.
You closely miss the troll.
The troll is severely wounded.
The troll bites you but does no damage.
The troll claws you but does no damage. x2
You closely miss the troll. Your kick misses the troll.
The troll is severely wounded.
The troll barely misses you. The troll claws you! x2
* * * LOW HITPOINT WARNING * * *
The troll bites you!
* * * LOW HITPOINT WARNING * * *
The troll claws you!
You die...

.##........#............##
.......##..#.........##'#
##....######......####..#
.#.<..## #....###....## .#.....#
#...##...)..# .#....##
.#...#....#)[# .#....##
#.#..##...##))#########
.#.#...##.>#..#..T###...........
.#.#...#...#..#.@.# #...........
.#.........#.##..###############
.#.......# #.#...........
.#.......# #.'...........
.#.......###.############
.#.........#........
##.........#........
...................#
.#..................


You could see a troll.

Vanquished Creatures
  Harold (D:7)
  A two-headed ogre (D:9)
  The ghost of HAL9000 the Fighter, a novice DrTm of Ru (D:9)
  Pikel (D:7)
  A spectral centaur (D:9)
  Prince Ribbit (D:8)
  2 hippogriffs
  A hungry ghost (D:9)
  A soldier ant (D:7)
  A water moccasin (D:5)
  2 ice beasts
  2 orc warriors
  3 phantoms
  An eye of draining (D:8)
  A sky beast (D:8)
  A slave (D:7)
  4 centaurs
  4 ogres
  A bullfrog (D:9)
  A wyvern skeleton (D:9)
  5 wights (D:9)
  2 howler monkeys (D:9)
  A centaur zombie (D:6)
  4 crimson imps
  3 hounds
  A bullfrog skeleton (D:4)
  2 orc priests (D:8)
  Crazy Yiuf (D:2)
  2 jellies (D:9)
  Jessica (D:2)
  Terence (D:2)
  2 iguanas
  Ijyb (D:5)
  2 orc wizards
  5 worker ants
  A bullfrog simulacrum (D:9)
  A hound zombie (D:6)
  4 hound skeletons
  2 mummies (D:9)
  2 worker ant zombies
  3 gnolls (D:5)
  5 adders
  5 shadow imps
  An ooze (D:7)
  2 adder skeletons
  6 worms
  7 leopard geckos
  15 orcs
  4 giant cockroaches
  2 goblins
  2 hobgoblins
  2 jackals (D:4)
  6 quokkas
  4 bats
  5 frilled lizards
  5 kobolds
  A quokka skeleton (D:4)
  9 rats
158 creatures vanquished.

Vanquished Creatures (others)
  A slave (D:7)
  A worker ant (D:7)
  An orc (D:7)
3 creatures vanquished.

Grand Total: 161 creatures vanquished

Notes
Turn   | Place    | Note
-------+----------+-------------------------------------------
     0 | Abyss:1  | Gargoyl the Centaur Abyssal Knight began the quest for the
                  | Orb.
     0 | Abyss:1  | Reached XP level 1. HP: 19/19 MP: 2/2
    32 | Abyss:1  | Found a corrupted altar of Lugonu.
    75 | Abyss:2  | Noticed a frost giant simulacrum
   100 | Abyss:2  | Noticed an orange demon
   111 | Abyss:2  | Noticed a small abomination
   129 | Abyss:2  | Got an agate-encrusted scale mail
   130 | D:1      | Escaped the Abyss
   141 | D:1      | Identified the cursed +0 scale mail "Hogoepn" {Str+4} (You
                  | found it on level 2 of the Abyss)
   482 | D:1      | Reached * piety under Lugonu
   485 | D:1      | Reached XP level 2. HP: 24/26 MP: 3/3
   861 | D:2      | Noticed Terence
   884 | D:2      | Killed Terence
   884 | D:2      | Reached skill level 1 in Dodging
   884 | D:2      | Reached XP level 3. HP: 21/31 MP: 4/4
  1272 | D:2      | Noticed Jessica
  1277 | D:2      | Killed Jessica
  1277 | D:2      | Reached XP level 4. HP: 34/38 MP: 5/5
  1464 | D:2      | Found a runed translucent door.
  1465 | D:2      | Noticed Crazy Yiuf
  1632 | D:2      | Killed Crazy Yiuf
  1989 | D:3      | Found a sparkling altar of Nemelex Xobeh.
  2041 | D:3      | Found an opulent altar of Gozag.
  2140 | D:3      | Reached XP level 5. HP: 45/45 MP: 7/7
  2329 | D:4      | Noticed a phantom
  2356 | D:4      | Killed a phantom
  2358 | D:4      | Found Aleyled's Antique Armour Shop.
  2407 | D:4      | Bought a pair of runed gloves for 165 gold pieces
  2489 | D:4      | Found Lyshri's Magic Scroll Boutique.
  2583 | D:4      | Reached ** piety under Lugonu
  2592 | D:4      | Found a shadowy altar of Dithmenos.
  2597 | D:4      | Reached XP level 6. HP: 52/52 MP: 8/8
  2760 | D:4      | Found Hugraqodgh's Jewellery Shop.
  2973 | D:4      | Got a dazzling ring mail
  3020 | D:4      | Identified the +3 ring mail of Plasticity {+Fly rPois
                  | Int-5} (You found it on level 4 of the Dungeon)
  3219 | D:4      | Found Fail Don's Gadget Boutique.
  3337 | D:4      | Reached XP level 7. HP: 58/58 MP: 9/9
  3359 | D:5      | Entered Level 5 of the Dungeon
  3506 | D:5      | Noticed Ijyb
  3521 | D:5      | Killed Ijyb
  4599 | D:5      | Found a bloodstained altar of Trog.
  4792 | D:6      | Reached *** piety under Lugonu
  4843 | D:6      | Reached XP level 8. HP: 58/67 MP: 11/11
  5944 | D:7      | Noticed Pikel
  5965 | D:7      | Killed Pikel
  5965 | D:7      | Reached skill level 5 in Axes
  5965 | D:7      | Reached skill level 5 in Invocations
  6023 | D:7      | Reached skill level 5 in Fighting
  6023 | D:7      | Reached skill level 5 in Armour
  6312 | D:7      | Found an ornate altar of the Wu Jian Council.
  6322 | D:7      | Noticed a hippogriff
  6328 | D:7      | Killed a hippogriff
  6328 | D:7      | Reached XP level 9. HP: 62/74 MP: 11/13
  6334 | D:7      | Found a burning altar of Makhleb.
  6367 | D:7      | Noticed Harold
  6388 | D:7      | Killed Harold
  6700 | D:7      | Found a hide-covered altar of Uskayaw.
  6829 | D:7      | Noticed a four-headed hydra
  6834 | D:7      | Banished a four-headed hydra
  6855 | D:7      | Found a staircase to the Ecumenical Temple.
  6926 | D:8      | Found a radiant altar of Vehumet.
  6972 | D:8      | Noticed Prince Ribbit
  6982 | D:8      | Killed Prince Ribbit
  7893 | D:9      | Found a transporter.
  7893 | D:9      | Noticed a spectral centaur warrior
  7909 | D:9      | Found a transporter.
  7910 | D:9      | Noticed HAL9000's ghost (novice DrTm)
  7948 | D:9      | Killed a spectral centaur warrior
  7948 | D:9      | Reached XP level 10. HP: 60/83 MP: 15/15
  8128 | D:9      | Killed HAL9000's ghost
  8689 | D:9      | Noticed a two-headed ogre
  8702 | D:9      | Killed a two-headed ogre
  9016 | D:9      | Found a sacrificial altar of Ru.
  9058 | D:9      | Found an iron altar of Okawaru.
  9118 | D:9      | Slain by a troll

Levels and vault maps discovered:
D:1:      dpeg_arrival_water_fire, layout_basic
D:2:      layout_loops_ring, first_ration, uniq_crazy_yiuf_cottage,
          uniq_terence, uniq_jessica
D:3:      layout_rooms, lemuel_crystal_altar,
          nicolae_gozag_cash_rules_everything_around_me
D:4:      layout_basic, serial_shops, nicolae_shop_waterfront,
          kennysheep_mini_moat, shop, shop, portal_sewer_entry_b,
          grunt_dithmenos_shadows
D:5:      layout_loops_ring, skrybe_limestone_x, lemuel_statue_altar, uniq_ijyb
D:6:      layout_basic
D:7:      layout_rooms, kennysheep_little_box, grunt_temple_overflow_open,
          lemuel_temple_firewalk_a, kb_rosetta, uniq_pikel, uniq_harold
D:8:      layout_rooms, nicolae_overflow_crystal_walls, uniq_prince_ribbit1
D:9:      minmay_quarter_circles, layout_cave_pools, general_overflow_altar,
          gammafunk_ghost_mausoleum, grunt_livestock,
          nicolae_ru_sacrificial_ziggurat

Skill      XL: |  1  2  3  4  5  6  7  8  9 10 |
---------------+-------------------------------+-----
Axes           | 2 3 4 5 7 8 |  8.1
Dodging        | 1 2 3 4 |  4.8
Armour         | 2 3 4 5 6 |  6.8
Invocations    | 3 4 5 7 8 |  8.0
Fighting       | 4 5 6 |  6.3
Evocations     | |  0.8

Action                   |  1- 3 |  4- 6 |  7- 9 | 10-12 || total
-------------------------+-------+-------+-------+-------++-------
Melee: Hand axe          |    64 |   125 |   252 |    60 ||   501
       Kick              |    11 |    33 |    87 |    38 ||   169
       War axe           |       |       |       |    62 ||    62
Throw: Boomerang         |       |       |       |     1 ||     1
Invok: Depart the Abyss  |     1 |       |       |       ||     1
       Banish            |       |       |     3 |     2 ||     5
 Abil: Evoke Berserk Rag |       |       |       |     2 ||     2
Evoke: Wand              |    19 |       |       |       ||    19
  Use: Scroll            |     7 |    11 |     8 |       ||    26
       Potion            |     1 |       |       |     1 ||     2
  Eat: Chunk             |       |     6 |     2 |     1 ||     9
       Ration            |       |       |     3 |     2 ||     5
Armor: Scale mail        |    26 |    74 |   135 |    65 ||   300
       Leather armour    |     1 |       |       |       ||     1
       Skin              |       |       |       |    10 ||    10
Dodge: Dodged            |    26 |    50 |   113 |    55 ||   244

Table legend:
 A = Non-vault XP
 B = Vault XP
 C = Vault XP percentage of total XP
 D = Non-vault monster count
 E = Vault monster count
 F = Vault count percentage of total count
                 A         B        C        D         E       F
            +---------+---------+-------+---------+---------+-------
      Total |    4290 |    5456 |  56.0 |     120 |      38 |  24.1
            +---------+---------+-------+---------+---------+-------
        D:1 |      15 |       0 |   0.0 |      11 |       0 |   0.0
        D:2 |      23 |     113 |  83.1 |      10 |       3 |  23.1
        D:3 |      48 |       0 |   0.0 |      13 |       0 |   0.0
        D:4 |     532 |      20 |   3.6 |      20 |       4 |  16.7
        D:5 |     586 |      35 |   5.6 |      18 |       1 |   5.3
        D:6 |     386 |       0 |   0.0 |      12 |       0 |   0.0
        D:7 |     130 |    2575 |  95.2 |       4 |       6 |  60.0
        D:8 |     701 |     259 |  27.0 |      12 |       1 |   7.7
        D:9 |    1869 |    2454 |  56.8 |      20 |      23 |  53.5
            +---------+---------+-------+---------+---------+-------
